 Dungeon Crawl Stone Soup version 0.27-a0-1139-g28e009f8a6 (webtiles) character file.

Game seed: 943252023046695357

240 jestyr24 the Magician (level 6, -1/36 HPs)
             Began as a Djinni Conjurer on May 8, 2021.
             Slain by Sigmund
             ... wielding a +0 scythe
              (10 damage)
             ... on level 4 of the Dungeon.
             The game lasted 00:12:24 (3692 turns).

jestyr24 the Magician (Djinni Conjurer)             Turns: 3692, Time: 00:12:25

Health: -1/36      AC:  4    Str:  6    XL:     6   Next: 8%
Gold:   210        EV: 12    Int: 22    God:
                   SH:  0    Dex: 11

rFire    + + .     SeeInvis .   m - +0 trident (vorpal)
rCold    x . .     Faith    .   (no shield)
rNeg     . . .     Spirit   .   a - +0 robe
rPois    ∞         Reflect  .   (no helmet)
rElec    .         Harm     .   p - +1 cloak
rCorr    .         Rampage  .   (no gloves)
Will     .....                  (boots unavailable)
Stlth    ++........             (no amulet)
HPRegen  0.12/turn              (no ring)
MPRegen  0.00/turn              (no ring)

@: flying
A: sickness immunity, fire resistance 2, cold vulnerability 1, float, innate
caster, hp casting, extra vitality 1, frail 1, screaming 2
a: no special abilities


You were on level 4 of the Dungeon.
You visited 1 branch of the dungeon, and saw 4 of its levels.

You collected 210 gold pieces.

Inventory:

Hand Weapons
 b - a +0 mace
 g - a +0 dagger
 m - a +0 vorpal trident (weapon)
Missiles
 e - 9 poisoned darts
Armour
 a - a +0 robe (worn)
 p - a +1 cloak (worn)
Scrolls
 h - a scroll of amnesia {unknown}
 j - a scroll of brand weapon
 k - 2 scrolls of fear
 r - a scroll of silence {unknown}
Potions
 c - a potion of mutation
 d - a potion of cancellation
 f - a potion of brilliance {unknown}
 i - a potion of might {unknown}
 l - 3 potions of curing {unknown}
 n - a potion of ambrosia {unknown}
 o - 2 potions of magic {unknown}
 q - a potion of resistance {unknown}


   Skills:
 + Level 0.1 Fighting
 + Level 2.7 Dodging
 + Level 3.2 Stealth
 + Level 5.3 Spellcasting


You couldn't memorise any spells.
You knew the following spells:

 Your Spells              Type           Power      Damage    Failure   Level
a - Magic Dart            Conj           100%       1d8       1%          1
b - Searing Ray           Conj           58%        3d5       1%          2
c - Dazzling Flash        Conj/Hex       58%        N/A       3%          3
d - Fulminant Prism       Conj/Hex       14%        3d9       11%         4
e - Iskenderun's Mystic   Conj/Tloc      29%        2d7       11%         4
f - Apportation           Tloc           58%        N/A       1%          1
g - Slow                  Hex            29%        N/A       1%          2
Your spell library was empty.

Dungeon Overview and Level Annotations

Branches:
Dungeon (4/15)
 Temple: D:4-7

Altars:

Annotations:
D:4 Sigmund


Innate Abilities, Weirdness & Mutations

You are immune to sickness and miasma.
You are immune to poison.
Your flesh is very heat resistant. (rF++)
You are vulnerable to cold. (rC-)
You float through the air rather than walking.
You learn spells naturally, not from books.
Your magical power is your life essence.
You have superior vitality. (+4 HP)
You are frail. (-10% HP)
You frequently scream uncontrollably at your foes.


Message History

You kill Dowan!
You hear a distant scream of rage.
The searing ray hits Sigmund.
Sigmund is lightly wounded. (Press . to maintain the ray.)
You have reached level 6!
Your experience leads to an increase in your attributes!
Increase (S)trength, (I)ntelligence, or (D)exterity?
You feel clever.
Casting: Searing Ray (safe; 1% risk of failure)
Confirm with . or Enter, or press ? or * to list all spells.
The spell is quite dangerous to cast (11% risk of failure)!
Continue anyway?
You erupt in a blast of force!
The mystic blast hits Sigmund.
Sigmund is moderately wounded.
Sigmund is knocked back by the mystic blast.
Sigmund slams into the rock wall!
* * * LOW HITPOINT WARNING * * *
You hear a shout!
Casting: Iskenderun's Mystic Blast (quite dangerous; 11% risk of failure)
Confirm with . or Enter, or press ? or * to list all spells.
The spell is quite dangerous to cast (11% risk of failure)!
Continue anyway?
You erupt in a blast of force!
The mystic blast hits Sigmund.
Sigmund is heavily wounded.
Sigmund is knocked back by the mystic blast.
* * * LOW HITPOINT WARNING * * *
There is an open door here.
Sigmund casts a spell at you.
You are confused.
You bump into the rock wall.
You bump into the rock wall.
You bump into the rock wall.
Sigmund barely misses you.
It was a potion of mutation.
You feel extremely strange.
You feel the urge to shout.
You feel a strong urge to scream.
You feel frail. Sigmund gestures at you while chanting.
You are more confused.
It was a potion of cancellation.
Your magical effects are unravelling.
You feel magically purged.
You feel less confused.
You are no longer glowing.
Sigmund hits you from afar with a +0 scythe!
You die...

#........# . #@.
#........# ..# .e
.........##
....##.### .
..........#
......!..# # .#
.......#..#
#.!..#§##.#..#
.......#..######
#.......#....#
.....#.#.......#
######......##
.....<.#.#####†###
#.......# ##.....#.#
#..).@######.#...#.#
#.....#.#
#..†..'@...).###.#
#.....#.#
#..†..######## ...
#.....#.# #.....#
... ###.....#
#.....# #.#
#>......# #...... .#
#.#.....# ##......
#.#.....# #......
#.#.....# #......


You could see Sigmund.

Vanquished Creatures
  A water moccasin zombie (D:3)
  Dowan (D:4)
  An iguana (D:4)
  3 adders
  A worm (D:2)
  6 endoplasms
  2 giant cockroaches
  6 goblins
  2 hobgoblins (D:1)
  11 jackals
  6 kobolds
  3 quokkas
  7 ball pythons
  6 bats
  7 frilled lizards
  20 rats
83 creatures vanquished.

Notes
Turn   | Place    | Note
-------+----------+-------------------------------------------
     0 | D:1      | jestyr24 the Djinni Conjurer began the quest for the Orb.
     0 | D:1      | Reached XP level 1. HP: 15/15 MP: 0/0
   114 | D:1      | Reached XP level 2. HP: 14/21 MP: 0/0
   315 | D:1      | Reached skill level 4 in Spellcasting
  1239 | D:2      | Reached XP level 3. HP: 23/25 MP: 0/0
  1239 | D:2      | Learned a level 1 spell: Apportation
  2010 | D:2      | Reached XP level 4. HP: 20/31 MP: 0/0
  2571 | D:3      | Reached XP level 5. HP: 35/35 MP: 0/0
  2571 | D:3      | Learned a level 2 spell: Slow
  2736 | D:3      | Reached skill level 5 in Spellcasting
  2969 | D:3      | Found a faded altar of an unknown god.
  3668 | D:4      | Noticed Sigmund
  3670 | D:4      | Noticed Dowan
  3681 | D:4      | Killed Dowan
  3682 | D:4      | Reached XP level 6. HP: 16/40 MP: 0/0
  3691 | D:4      | Gained mutation: You occasionally shout uncontrollably at
                  | your foes. [potion of mutation]
  3691 | D:4      | Gained mutation: You frequently scream uncontrollably at
                  | your foes. [potion of mutation]
  3691 | D:4      | Gained mutation: You are frail. (-10% HP) [potion of
                  | mutation]
  3692 | D:4      | Slain by Sigmund

Illustrated notes

Levels and vault maps discovered:
D:1:      minmay_arrival_cross, layout_basic
D:2:      layout_basic, minmay_rat_hole
D:3:      layout_basic, basic_ecumenical_altar, minmay_misc_feat_square
D:4:      layout_basic, chei_slow_surprise, minitemple,
          minmay_hollow_rounded_squares, uniq_duvessa, uniq_pikel, uniq_sigmund

Skill      XL: |  1  2  3  4  5 |
---------------+----------------+-----
Spellcasting   | 4 5 |  5.3
Stealth        | 2 3 |  3.2
Fighting       | |  0.1
Dodging        | |  2.7

Action                   |  1- 3 |  4- 6 || total
-------------------------+-------+-------++-------
Melee: Mace              |    14 |       ||    14
       Trident           |     1 |     5 ||     6
 Cast: Magic Dart        |    43 |    47 ||    90
       Searing Ray       |    10 |     6 ||    16
       Iskenderun's Myst |       |     2 ||     2
  Use: Scroll            |     5 |       ||     5
       Potion            |       |     2 ||     2
 Stab: Sleeping          |     1 |     3 ||     4
Armor: Robe              |     7 |     3 ||    10
Dodge: Dodged            |    25 |    10 ||    35

Table legend: (Time is in decaauts)
 A = Elapsed time spent in this place.
 B = Non-inter-level travel time spent in this place.
 C = Inter-level travel time spent in this place.
 D = Time resting spent in this place.
 E = Time spent auto-exploring this place.
 F = Levels seen in this place.
 G = Mean time per level.
                   A        B        C        D        E       F      G
               +--------+--------+--------+--------+--------+-----+--------+
         Total |   3697 |   3574 |    123 |    695 |   2394 |   4 |  924.2 |
       Dungeon |   3697 |   3574 |    123 |    695 |   2394 |   4 |  924.2 |
               +--------+--------+--------+--------+--------+-----+--------+

Top non-repeatable levels by time:
     D:3: 1225 daAuts
     D:2: 1156 daAuts
     D:1: 1092 daAuts
     D:4: 222 daAuts
